Cogmind - Beta 12 X4 @@@ ROGUE MODE // 2022.11.09 @ 22:56:02 Player: Runia Result: Destroyed by as-97969 with Assembled F-torch Performance ------------- Evolutions (0) 0 Regions Visited (4) 800 Robots Destroyed (29) 145 Value Destroyed (481) 481 Prototype IDs (39) 780 Alien Tech Used (0) 0 Bonus (323) 323 TOTAL SCORE: 2529 Bonus ------- Follower Combat Kills 35 Aligned with FarCom 300 Friendly Fire -12 Cogmind --------- Core Integrity 0/250 Matter 255/300 Energy 100/100 System Corruption 3% Temperature Cool (20) Movement Rolling (140) Ox4 Location -9/Mines Parts ------- > --- POWER (1) -------- (None) > --- PROPULSION (2) --- Light Treads Wheel > --- UTILITY (2) ------ High-capacity Storage Unit > --- WEAPON (2) ------- Medium Laser > --- INVENTORY (20) --- Light Treads Compact Wheel Improved Heat Sink Huge Storage Unit High-capacity Matter Pod (200) Structural Scanner Improved Terrain Scanner Salvage Targeting Computer Salvage Targeting Computer High-powered Tractor Beam High-powered Tractor Beam Chronowheel Medium Laser Medium Laser Light Assault Rifle Datajack Mining Laser Peak State ------------ > --- POWER ------------ Light Nuclear Core > --- PROPULSION ------- Light Treads Wheel > --- UTILITY ---------- Improved Heat Sink High-capacity Storage Unit > --- WEAPON ----------- Medium Laser Beam Cannon > --- INVENTORY -------- Light Treads Compact Wheel Huge Storage Unit High-capacity Matter Pod Structural Scanner Improved Terrain Scanner Salvage Targeting Computer Salvage Targeting Computer Light Armor Plating High-powered Tractor Beam High-powered Tractor Beam Chronowheel Medium Laser Medium Laser Light Assault Rifle Datajack Mining Laser [Rating: 14] Favorites ----------- Power Ion Engine Engine Ion Engine Power Core Light Nuclear Core Propulsion Light Treads Treads Light Treads Leg Aluminum Leg Wheel Compact Wheel Utility High-capacity Storage Unit Device Heat Sink Storage High-capacity Storage Unit Protection Light Armor Plating Weapon Medium Laser Energy Gun Medium Laser Energy Cannon Beam Cannon Special Melee Weapon Datajack Build | -11 -10 -10 -10 -9 ------- Run | Scr Mat Min Exi Min Slots Evolved . | . . . . . Power . | . . . . . Propulsion . | . . . . . Utility . | . . . . . Weapon . | . . . . . Parts Attached 28 | 3 18 2 2 3 Power 3 | . 2 1 . . Engine 2 | . 2 . . . Core 1 | . . 1 . . Reactor . | . . . . . Propulsion 9 | 2 6 . . 1 Treads 6 | 2 4 . . . Leg 1 | . 1 . . . Wheel 2 | . 1 . . 1 Hover . | . . . . . Flight . | . . . . . Utility 6 | . 4 1 . 1 Device 4 | . 3 1 . . Storage 1 | . 1 . . . Processor . | . . . . . Hackware . | . . . . . Protection 1 | . . . . 1 Artifact . | . . . . . Weapon 10 | 1 6 . 2 1 Energy Gun 8 | 1 6 . . 1 Energy Cannon 1 | . . . 1 . Ballistic Gun . | . . . . . Ballistic Cannon . | . . . . . Launcher . | . . . . . Special Weapon . | . . . . . Impact Weapon . | . . . . . Slashing Weapon . | . . . . . Piercing Weapon . | . . . . . Special Melee Weapon 1 | . . . 1 . Unidentified Prototypes . | . . . . . Parts Lost 7 | . 3 . . 4 Power 2 | . 1 . . 1 Propulsion 3 | . 2 . . 1 Utility 1 | . . . . 1 Weapon 1 | . . . . 1 Highest Loss Streak 4 | . 2 . . 4 To Critical Strikes . | . . . . . Average Slot Usage (%) 91 | . 95 100 78 88 Engine 7 | . 13 6 . . Core 6 | . . 7 14 14 Treads 16 | . 20 14 14 14 Wheel 9 | . 4 14 14 14 Device 12 | . 11 14 14 7 Storage 14 | . 14 14 14 14 Energy Gun 19 | . 27 28 . 7 Special Melee Weapon 1 | . . . 5 . Naked Turns . | . . . . . Heaviest Build 53 | 14 50 50 50 53 Greatest Support 40 | 40 40 16 16 16 Greatest Overweight (x) 5 | . 4 3 3 5 Average Overweight (x) 1 | . . 3 2 3 Largest Inventory Capacity 20 | 8 20 20 20 20 Average Capacity 16 | 8 10 20 20 20 Most Carried 20 | 6 16 20 19 19 Average Carried 14 | 2 8 18 18 17 Final Capacity 20 | 8 20 20 20 20 Final Carried 19 | 3 16 19 19 17 Class Distribution -------------------- 87% | Mutant 12% | Scavenger-Mutant Dominant Class ---------------- Mutant | -10/Materials Mutant | -10/Mines Mutant | -10/Exiles Mutant | -9/Mines Resources | -11 -10 -10 -10 -9 ----------- Run | Scr Mat Min Exi Min Matter Collected 643 | 230 192 221 . . Remotely . | . . . . . Salvage Created 1293 | 121 929 243 . . Parts 53 | 7 37 9 . . Haulers Intercepted 2 | . 2 . . . Recyclers Shooed 9 | . 9 . . . Parts Field Recycled . | . . . . . Retrieved Matter . | . . . . . Parts Self-Destructed . | . . . . . Prevented . | . . . . . Kills | -11 -10 -10 -10 -9 ------- Run | Scr Mat Min Exi Min Combat Hostiles Destroyed 11 | . 10 1 . . Guns 9 | . 9 . . . Classes Destroyed 8 | 2 6 . . . Worker 2 | . 2 . . . Tunneler 3 | 1 . 2 . . Hauler 2 | . 2 . . . Recycler 7 | 1 5 1 . . Operator 1 | . 1 . . . Watcher 3 | . 3 . . . Swarmer 3 | . 3 . . . Grunt 8 | . 7 1 . . Best Kill Streak 3 | 2 3 1 . . Combat Bots Only 3 | . 3 1 . . Max Kills in Single Turn 1 | 1 1 1 . . Gunslinging . | . . . . . Exploded . | . . . . . Melee . | . . . . . Uniques/NPCs Destroyed . | . . . . . Combat | -11 -10 -10 -10 -9 -------- Run | Scr Mat Min Exi Min Damage Taken 1244 | . 726 11 . 507 Core 253 | . 102 . . 151 Absorbed by Shields . | . . . . . Core Remaining (%) 100 | 100 . . . . Volleys Fired 96 | 2 72 13 8 1 Largest 2 | 2 2 2 1 2 Hottest 110 | 90 100 100 60 110 Shots Fired 185 | 4 145 26 8 2 Gun 176 | 4 145 26 . 1 Cannon 9 | . . . 8 1 Launcher . | . . . . . Special . | . . . . . Kinetic . | . . . . . Thermal 155 | 2 117 26 8 2 Explosive . | . . . . . Electromagnetic 30 | 2 28 . . . Robot Hit Streak 12 | 3 10 12 . . Robot Miss Streak 4 | 1 4 3 . 2 Penetration Max . | . . . . . Secondary Targets 1 | . 1 . . . Max Gunslinging Chain 1 | . 1 . . . Shots Hit Robots 109 | 3 82 20 4 . Core Hits 45 | 2 35 7 . 1 Critical Kills . | . . . . . Critical Parts Destroyed . | . . . . . Critical Strikes 10 | . 9 1 . . Burn 10 | . 9 1 . . Melee Attacks 4 | . . . 4 . Impact . | . . . . . Slashing . | . . . . . Piercing . | . . . . . Sneak Attacks 4 | . . . 4 . Combat Hostiles . | . . . . . Follow-up Attacks . | . . . . . Damage Inflicted 1430 | 42 1119 266 . 3 Guns 1395 | 42 1087 266 . . Cannons . | . . . . . Explosions 32 | . 32 . . . Melee . | . . . . . Ramming 3 | . . . . 3 Kinetic . | . . . . . Thermal 1133 | 12 855 266 . . Explosive 32 | . 32 . . . Electromagnetic 262 | 30 232 . . . Impact . | . . . . . Slashing . | . . . . . Piercing . | . . . . . Highest Corruption 3 | . 2 2 2 3 Average Corruption 2 | . 2 2 2 2 Corruption Purged . | . . . . . Corruption Blocked . | . . . . . Effects 33 | . 11 10 11 1 Message Errors 8 | . 3 2 2 1 Matter Fused 10 | . 4 4 2 . Heat Flow Errors 3 | . 1 1 1 . Energy Discharges 6 | . 1 2 3 . Data Loss (minor) 3 | . . . 3 . Misfires 1 | . 1 . . . Alerts 2 | . 1 1 . . Overload Shots . | . . . . . Overflow Damage . | . . . . . Projectiles . | . . . . . Explosions . | . . . . . Melee . | . . . . . Knockbacks . | . . . . . Impact . | . . . . . Kinetic . | . . . . . Secondary . | . . . . . Self-Inflicted Damage 183 | . 183 . . . Shots 2 | . 2 . . . Rammed 1 | . . . . 1 Targets Rammed 1 | . . . . 1 Kicked . | . . . . . Crushed . | . . . . . Highest Temperature 275 | 30 246 199 275 12 Average Temperature 49 | 18 51 25 158 6 Received Heat Transfer 294 | . 168 6 . 120 Siege Activations . | . . . . . Robots Corrupted . | . . . . . Combat Hostiles . | . . . . . Parts Fried 1 | . 1 . . . Impact Corruptions . | . . . . . Robots Melted 3 | . 2 1 . . Combat Hostiles 2 | . 1 1 . . Parts Melted 6 | . 3 3 . . Heat Transferred 4070 | 37 3182 851 . . Parts Sabotaged . | . . . . . Parts Stolen . | . . . . . Parts Stripped . | . . . . . Power Chain Reactions . | . . . . . Missiles Intercepted . | . . . . . Alert | -11 -10 -10 -10 -9 ------- Run | Scr Mat Min Exi Min Peak Influence 324 | 10 324 132 . . Initial 65 | . 6 65 . . Average 115 | 6 173 37 . . Maximum Alert Level 1 | . 1 . . . Low Security (%) 82 | 100 70 100 . 100 Level 1 17 | . 29 . . . Level 2 . | . . . . . Level 3 . | . . . . . Level 4 . | . . . . . Level 5 . | . . . . . High Security . | . . . . . Max Security . | . . . . . Squads Dispatched 4 | . 4 . . . Investigation 2 | . 2 . . . Extermination . | . . . . . Reinforcement 2 | . 2 . . . Assault . | . . . . . Garrison . | . . . . . Intercept . | . . . . . Searches Triggered . | . . . . . Construction Impeded . | . . . . . Haulers Reinforced . | . . . . . Active Scanning Responses . | . . . . . Cargo Convoy Interrupts . | . . . . . Stealth | -11 -10 -10 -10 -9 --------- Run | Scr Mat Min Exi Min Distress Signals 2 | . 2 . . . Communications Jammed . | . . . . . Distress Signals . | . . . . . Times Spotted 32 | . 23 2 . 7 Peak Tracking Total 9 | . 4 2 9 5 Tactical Retreats 2 | . 2 . . . Traps | -11 -10 -10 -10 -9 ------- Run | Scr Mat Min Exi Min Traps Triggered 2 | . 2 . . . Indirectly . | . . . . . Trap Hack Attempts . | . . . . . Triggered . | . . . . . Disarmed . | . . . . . Reprogrammed . | . . . . . Reused . | . . . . . Traps Extracted . | . . . . . Installed . | . . . . . Triggered . | . . . . . Machines | -11 -10 -10 -10 -9 ---------- Run | Scr Mat Min Exi Min Machines Disabled 7 | . 2 . 5 . Max in Single Turn 2 | . 2 . 1 . Machines Sabotaged . | . . . . . Overloaded Fab Kills . | . . . . . Hacking | -11 -10 -10 -10 -9 --------- Run | Scr Mat Min Exi Min Machines Accessed 9 | . 8 . 1 . Terminals 6 | . 6 . . . Fabricators . | . . . . . Repair Stations . | . . . . . Recycling Units 2 | . 2 . . . Scanalyzers . | . . . . . Garrison Access . | . . . . . Total Hacks 25 | . 24 . 1 . Successful 11 | . 10 . 1 . Failed 13 | . 13 . . . Catastrophic 1 | . 1 . . . Database Lockouts 1 | . 1 . . . Manual 18 | . 17 . 1 . Terminals 21 | . 21 . . . Fabricators . | . . . . . Repair Stations . | . . . . . Recycling Units 3 | . 3 . . . Scanalyzers . | . . . . . Garrison Access . | . . . . . Terminal Hacks 8 | . 7 . 1 . Robot Analysis 2 | . 2 . . . Prototype ID Bank 1 | . 1 . . . Transport Status 1 | . 1 . . . Hauler Manifests 1 | . 1 . . . Zone Layout 2 | . 2 . . . EX-Prototype ID Bank 1 | . . . 1 . Fabricator Hacks . | . . . . . Repair Station Hacks . | . . . . . Recycling Unit Hacks 1 | . 1 . . . Report Inventory 1 | . 1 . . . Scanalyzer . | . . . . . Garrison Access Hacks . | . . . . . Unauthorized Hacks 2 | . 2 . . . Terminals . | . . . . . Fabricators . | . . . . . Repair Stations . | . . . . . Recycling Units 2 | . 2 . . . Tunnel 2 | . 2 . . . Scanalyzers . | . . . . . Garrison Access . | . . . . . Data Cores Recovered . | . . . . . Used . | . . . . . Hacking Detections 6 | . 6 . . . Full Trace Events 1 | . 1 . . . Feedback Events . | . . . . . Feedback Blocked . | . . . . . Robot Schematics Acquired . | . . . . . Robots Built . | . . . . . Authchips . | . . . . . Time . | . . . . . Total Robot Build Rating . | . . . . . Part Schematics Acquired . | . . . . . Parts Built . | . . . . . Authchips . | . . . . . Time . | . . . . . Total Part Build Rating . | . . . . . Parts Repaired . | . . . . . Time . | . . . . . Parts Recycled . | . . . . . Recycled Matter . | . . . . . Retrieved Matter . | . . . . . Retrieved Components . | . . . . . Parts Scanalyzed . | . . . . . Part Schematics Acquired . | . . . . . Parts Damaged . | . . . . . Bothacking | -11 -10 -10 -10 -9 ------------ Run | Scr Mat Min Exi Min Used RIF Installer . | . . . . . Robots Hacked 4 | . . . 4 . Non-combat 3 | . . . 3 . Combat 1 | . . . 1 . Robot Hacks Applied 4 | . . . 4 . parse_system 4 | . . . 4 . Relay Couplers Released . | . . . . . Fabnet Peak Effective % . | . . . . . Robots Rewired . | . . . . . Allies Hacked . | . . . . . Hacks Repelled . | . . . . . Allies | -11 -10 -10 -10 -9 -------- Run | Scr Mat Min Exi Min Total Allies 3 | . . 3 . . Largest Group 3 | . . 3 2 . Highest-Rated Group 40 | . . 40 24 . Highest-Rated Ally 16 | . . 16 16 . Total Orders 1 | . . . 1 . STAY 1 | . . . 1 . Ally Attacks 22 | . . 19 3 . Total Damage 197 | . . 174 23 . Kills 2 | . . 2 . . Allies Corrupted . | . . . . . Allies Melted . | . . . . . Intel | -11 -10 -10 -10 -9 ------- Run | Scr Mat Min Exi Min Robot Analysis Total 2 | . 2 . . . Derelict Logs Recovered 2 | . . 2 . . Drone Launches . | . . . . . Drone Recoveries . | . . . . . Exploration | -11 -10 -10 -10 -9 ------------- Run | Scr Mat Min Exi Min Turns Passed 3378 | 30 1378 897 1026 47 Spaces Moved 2079 | 11 704 584 754 26 Core 5 | . 5 . . . Treads 411 | 11 400 . . . Legs 24 | . 24 . . . Wheels 1639 | . 275 584 754 26 Hover . | . . . . . Flight . | . . . . . Fastest Speed 100 | 160 100 145 130 140 Average Speed 142 | 160 151 145 131 144 Slowest Speed 250 | 160 250 145 145 155 Overloaded Moves . | . . . . . Propulsion Burnouts . | . . . . . Robots Hopped . | . . . . . Cave-ins Triggered . | . . . . . Exploration Rate (%) 55 | 2 96 98 71 11 Regions Visited 4 Branch Regions 3 Pre-discovered Areas 3 | . 2 1 . . Known Exits Taken . | . . . . . Unknown Exits Taken 4 | 1 1 1 1 . Scrap Searched 1 | . . 1 . . Spaces Dug . | . . . . . Terrain Destroyed 33 | . 33 . . . Melee . | . . . . . Projectile . | . . . . . AOE 33 | . 33 . . . Terrain Rammed . | . . . . . Walls Destroyed . | . . . . . Machines Disabled . | . . . . . Actions | -11 -10 -10 -10 -9 --------- Run | Scr Mat Min Exi Min Total 2316 | 22 873 609 781 31 Wait 65 | . 52 2 11 . Move 2075 | 10 703 583 753 26 Hop . | . . . . . Pick Up 25 | 2 17 5 1 . Fast Attach 10 | . 9 1 . . Attach 7 | 3 1 . 1 2 Detach . | . . . . . Swap 11 | . 8 1 1 1 Drop 22 | 5 11 4 2 . Fire 96 | 2 72 13 8 1 Melee 4 | . . . 4 . Ram . | . . . . . Kick . | . . . . . Crush 1 | . . . . 1 Escape Stasis . | . . . . . Rewire . | . . . . . Trap . | . . . . . Miscellaneous . | . . . . . Route ------- -11/Scrapyard -10/Materials (discovered 4 exits: [*Mat x3] / [*Min]) -10/Mines (discovered 3 exits: [*Mat x2] / *Exi) -10/Exiles -9/Mines History --------- Turn | Location | Event 7 | -11/Scrapyard | Discovered new exit (range 3) 31 | -11/Scrapyard | Entered Materials 307 | -10/Materials | Build established: Mutant 490 | -10/Materials | Discovered new exit (range 10) 688 | -10/Materials | Discovered new exit (range 4) 794 | -10/Materials | Central database locked down 848 | -10/Materials | Discovered new exit (range 12) 1198 | -10/Materials | Discovered new exit (range 12) 1409 | -10/Materials | Entered Mines 1438 | -10/Mines | Discovered new exit (range 8) 1439 | -10/Mines | Met a Derelict bent on vengeance 1479 | -10/Mines | Learned location of Zion (-7) 1498 | -10/Mines | Learned 2 Materials zone layouts 1520 | -10/Mines | Assisted by bots powering up and referring to "LRC-V3" 1665 | -10/Mines | Deemed a non-threat by the Exiles lab entrance 1665 | -10/Mines | Discovered new exit (range 5) 2075 | -10/Mines | Discovered new exit (range 15) 2306 | -10/Mines | Entered Exiles 2306 | -10/Exiles | Accompanied by 2 allies 2343 | -10/Exiles | Met 8R-AWN 2363 | -10/Exiles | Met EX-HEX 2412 | -10/Exiles | Met EX-DEC 2559 | -10/Exiles | Met EX-BIN 2577 | -10/Exiles | Aligned with FarCom system 2578 | -10/Exiles | Given EX-Vault access code 2610 | -10/Exiles | Opened EX-Vault 2640 | -10/Exiles | Warned to stay clear of 0b10 Research branches 2721 | -10/Exiles | Discovered new exit (range 12) 3120 | -10/Exiles | Build established: Scavenger-Mutant 3138 | -10/Exiles | Found Chronowheel 3299 | -10/Exiles | Attacked by the Exiles 3332 | -10/Exiles | Left Exiles lab with Chronowheel 3332 | -10/Exiles | Entered Mines 3333 | -9/Mines | Assembled infested the area 3338 | -9/Mines | Assisted by a Guerilla fighting off Assembled 3360 | -9/Mines | Core integrity fell below 50% 3379 | -9/Mines | Destroyed by as-97969 with Assembled F-torch Last Messages --------------- 03353_ System corrupted by crushing effect (+1). 03353_ Knocked back. 03361_ Slammed into as-68773. 03366_ Lgt. Armor Plating destroyed. 03368_ Knocked back. 03370_ A derelict emerges from the shadows. 03371_ QC80BX&:Z>VMIN#U|N7LOAS WAC 03371_ ZQ-Z2T(g): "Some of my friends down here think you need a mining laser when you travel the depths." 03372_ ZQ-Z2T(g): "You know what I say? NO!" 03372_ Lgt. Nuclear Core destroyed. 03373_ ZQ-Z2T(g): "Everyone knows a good old rocket launcher goes a long way." 03374_ ZQ-Z2T(g): "Need to get rid of a swarm? Done. Need a big hole in the wall? Done." 03379_ Beam Cannon destroyed. 03379_ as-59988 destroyed. 03379_ R-06 Scavenger destroyed. 03379_ as-06234 destroyed. 03379_ U-05 Engineer lays Concrete. Map ----- +----------------------------------------------------+ | | | | | | | | | | | | | | | ??????????????????????????????????????? | | ??????????????????????????????????????? | | ??????????????????????????????????????? | | ??????????????????????????????????????? | | ??????????????????????????????????????? | | ????????????????????? ????????????????? | | ????????????????????? "???????????????? | | ???????????????????? ???????????????? | | ????????????????????# #??????????????? | | ????????????????????# #??????????????? | | ????????????????????# #??######??????? | | ????????????????????# #?# ##?????? | | ????????????????????# ## ??????? | | ????????????????????# # ???????? | | ???????????###?????## ?????????? | | ??????????## ###### #??????????? | | ??????????# ## #???????????? | | ?????????## #### #???????????? | | ?????????# @* a a #???????????? | | ?????????## $ =% a #???????????? | | ?????????# ### ##??????????? | | ?????????## #?# ####???????? | | ??????????# % ##?## ##??????? | | ??????????# dd ##???# #??????? | | ?????????? ????## # #??????? | | ?????????## ?????## ## ##??????? | | ?????????? # ??????# ######??????? | | ?????????? # ###?????# #??????? | | ?????????###u #????????# #??????? | | ???????????#u ?????????###### #??????? | | ???????????# ???????????????? #??????? | | ???????????#% ?????????????????#??????? | | ??????????? ????????????????????????? | | ???????????? ????????????????????????? | | ??????????????????????????????????????? | | ??????????????????????????????????????? | | ??????????????????????????????????????? | | ??????????????????????????????????????? | | ??????????????????????????????????????? | | ??????????????????????????????????????? | | ??????????????????????????????????????? | | ??????????????????????????????????????? | | ??????????????????????????????????????? | +----------------------------------------------------+ Best States ------------- Heat Dissipation 39 Energy Generation 14 Energy Capacity 250 Matter Stores 300 Matter Capacity 300 Sight Range 16 Terrain Scan Density 10 Armor Coverage 150 Evasion (%) 40 Recoil Reduction 2 Item Schematics ----------------- None Robot Schematics ------------------ None Fabricated ------------ Nothing Alien Tech Used ----------------- None Achievements -------------- None Challenges ------------ None Game ------ Seed FlakTargetThermoblaster Manual? 0 Play Time 00:21:28 Cumulative 669.2 hours Start 2022.11.09 @ 22:18:43 End 2022.11.09 @ 22:56:02 Sessions 1 Manual Loads 0 Difficulty Rogue Special Mode None Game No. 616 Rogue 616 Adventurer 0 Explorer 0 Win Type - Total 27 Types 12/5/5/1/1/0/2/1/0 Lore% 91 Gallery% 96 Achievement% 80 Wizard Run 0 Options --------- ASCII 0 Keyboard 0 Movement Mouse Keybinds 1 Fullscreen 2 Font 24/Smallcaps Map View 76x50 Tactical HUD 1 Map Filters NONE Filters NONE Steam 1 RUN: 1c4d6089-ad3f-493d-81c1-618dc09f8dd1